Map: Odyssey LE

Players

Winthrowe - Winner!

  • Race: Terran Terran
  • League: Silver
  • Spawn Location: 5:00

A.I. 1 (Hard)

  • Race: Zerg Zerg
  • Spawn Location: 11:00

VOD

Have the link to the VOD?

Description

Time

  • Played on: Sept. 2, 2017, 11:47 a.m.
  • Length: 12:38
Show
View Real Time Build Order
Export as new Build Order

Winthrowe Terran - Winner!

Build Orders: MMM Bio 

Get SALT Encoding   

  12  0:01  SCV  
  13  0:13  SCV  
  14  0:21  Supply Depot  
  14  0:25  SCV  
  15  0:33  Refinery  
  15  0:43  SCV  
  15  0:48  Barracks  
  16  0:55  SCV  
  17  1:07  SCV  
  18  1:19  SCV  
  19  1:31  SCV  
  20  1:41  Command Center  
  20  1:42  Marine  
  20  1:43  SCV  
  22  1:55  SCV  
  23  2:02  Barracks Reactor  
  23  2:15  Orbital Command  
  23  2:21  Supply Depot  
  23  2:43  Marine x2  
  25  2:46  Refinery  
  25  2:50  SCV  
  26  2:57  SCV  
  27  3:00  Marine x2  
  29  3:07  SCV  
  30  3:17  Barracks  
  30  3:27  Engineering Bay  
  30  3:28  Marine x2  
  30  3:29  Engineering Bay  
  30  3:30  SCV  
  30  3:31  SCV  
  34  3:49  Factory  
  34  3:53  Marine x2  
  34  3:54  Supply Depot  
  34  3:55  SCV x2  
  38  3:57  Supply Depot  
  38  4:08  Planetary Fortress  
  38  4:10  Marine x2  
  38  4:11  SCV  
  41  4:17  Barracks Tech Lab  
  41  4:24  Terran Infantry Weapons Level 1, Terran Infantry Armor Level 1  
  41  4:28  Marine x2  
  43  4:35  Armory  
  43  4:46  Marine x2  
  43  4:47  Marine  
  46  4:53  Stimpack  
  46  5:04  Marine x2, SCV x2  
  50  5:08  Marine  
  51  5:16  SCV x2  
  53  5:22  Marine x2  
  55  5:29  Starport, Factory Tech Lab  
  55  5:34  Marine  
  56  5:40  Marine x2  
  56  5:42  SCV x2  
  60  5:51  Marine  
  60  5:54  SCV  
  60  5:56  SCV  
  62  5:57  Marine  
  62  6:00  Marine  
  62  6:02  Command Center  
  58  6:09  Marine  
  51  6:15  Marine  
  52  6:18  Marine  
  52  6:19  Barracks  
  53  6:27  Marine  
  54  6:45  Marine  
  55  6:53  Factory Reactor  
  55  6:55  Marine  
  56  7:03  Marine  
  56  7:04  Medivac  
  56  7:05  Medivac  
  56  7:07  Barracks  
  61  7:12  Marine  
  62  7:20  SCV x2  
  62  7:21  Marine  
  65  7:27  Planetary Fortress  
  65  7:30  Marine  
  65  7:32  SCV x2  
  65  7:34  Refinery  
  68  7:38  Refinery  
  68  7:44  SCV x2  
  70  7:52  Supply Depot  
  70  7:56  Marine, Marauder x2  
  75  8:04  Combat Shields  
  75  8:06  Concussive Shells  
  75  8:14  Marine, Hellion x2  
  75  8:15  Supply Depot  
  75  8:17  Marine x2  
  82  8:23  Barracks Reactor  
  82  8:32  Marine  
  83  8:35  Marine x2  
  83  8:37  Hellion x2  
  83  8:39  Supply Depot  
  89  8:50  Marine, Supply Depot  
  89  8:52  Marine  
  89  8:53  Marine  
  92  8:59  Hellion x2  
  96  9:07  Marine  
  97  9:10  Marine  
  97  9:11  Marine  
  97  9:12  Supply Depot  
  99  9:20  Hellion x2  
  103  9:25  Marine, SCV x3  
  103  9:27  Marine x2  
  103  9:28  Marine x2  
  111  9:33  Medivac x2  
  111  9:35  Supply Depot  
  111  9:37  SCV x3  
  118  9:41  Hellion x2  
  118  9:43  Marine  
  118  9:44  Marine  
  118  9:45  Marine  
  125  9:46  Marine x2  
  127  9:58  Supply Depot, Unknown  
  127  10:01  Marine  
  127  10:02  Marine  
  127  10:03  Marine, Medivac x2, Hellion x2  
  127  10:04  Marine x2  
  132  10:15  Unknown  
  132  10:17  SCV  
  132  10:18  SCV x2  
  132  10:19  Marine  
  132  10:20  Marine, Supply Depot  
  132  10:21  Marine x2  
  138  10:22  Marine  
  138  10:24  Hellion x2  
  144  10:29  SCV  
  144  10:30  SCV  
  146  10:36  Marine  
  146  10:38  Marine x2  
  146  10:40  Marauder x2  
  152  10:54  Marine  
  152  10:56  Marine  
  154  11:01  Unknown, Marauder  
  156  11:04  Marine  
  156  11:05  Marauder  
  156  11:09  Hellbat  
  156  11:10  Hellbat  
  163  11:12  Marine  
  163  11:13  Marine  
  165  11:30  Marine x2  
  165  11:57  Marine x3, Hellbat  
  165  11:58  Viking x2, Hellbat, Supply Depot, Marauder x2  
  176  12:15  Marine x2  
  178  12:17  Command Center  
  178  12:20  Supply Depot  
Show
View Real Time Build Order
Export as new Build Order

A.I. 1 (Hard) Zerg 

Build Orders: Pool First 

Get SALT Encoding   

  12  0:01  Drone  
  13  0:12  Overlord  
  13  0:16  Drone  
  14  0:30  Drone  
  14  0:32  Drone  
  16  0:42  Spawning Pool  
  15  0:45  Drone  
  15  0:49  Drone  
  17  0:52  Extractor  
  17  0:55  Drone  
  17  1:06  Overlord  
  17  1:30  Queen  
  17  1:31  Zergling x2  
  20  1:37  Roach Warren  
  20  1:38  Drone  
  20  1:42  Extractor  
  20  1:43  Zergling x2  
  20  1:49  Drone  
  21  2:00  Drone  
  22  2:10  Overlord  
  22  2:21  Drone  
  23  2:32  Roach  
  25  2:37  Drone  
  25  2:39  Overlord  
  26  2:44  Roach  
  28  2:56  Roach  
  30  3:08  Roach  
  30  3:09  Overlord  
  32  3:21  Roach  
  34  3:33  Roach  
  36  3:39  Overlord  
  36  3:43  Drone  
  36  3:45  Roach  
  36  3:47  Drone  
  40  3:50  Drone  
  40  3:54  Drone  
  42  4:00  Drone  
  43  4:11  Baneling Nest, Drone  
  43  4:12  Drone  
  43  4:13  Roach  
  46  4:18  Evolution Chamber  
  46  4:20  Drone  
  46  4:25  Roach  
  48  4:37  Roach  
  50  4:49  Roach  
  52  5:01  Roach  
  54  5:57  Zergling x2  
  51  6:09  Roach  
  49  6:21  Zergling x2  
  50  6:33  Roach  
  52  6:45  Roach  
  52  6:46  Zerg Melee Weapons Level 1, Burrow, Overlord  
  54  6:48  Evolution Chamber  
  54  6:50  Spore Crawler  
  54  6:51  Spore Crawler  
  51  6:54  Hatchery, Drone  
  51  7:04  Drone  
  52  7:14  Zerg Ground Armor Level 1  
  52  7:15  Spine Crawler  
  52  7:17  Spine Crawler  
  50  7:25  Zergling x2  
  49  7:57  Queen  
  51  8:05  Queen  
  51  8:06  Drone  
  51  8:07  Drone  
  51  8:08  Drone  
  51  8:10  Drone  
  51  8:11  Drone  
  58  8:13  Drone  
  58  8:14  Extractor, Drone  
  58  8:16  Overlord, Drone  
  58  8:17  Spore Crawler, Drone  
  58  8:18  Drone  
  61  8:20  Spore Crawler  
  61  8:23  Drone  
  62  8:27  Drone  
  62  8:30  Drone  
  62  8:33  Drone  
  64  8:34  Lair  
  64  8:36  Drone  
  64  8:39  Drone  
  64  8:40  Zerg Missile Weapons Level 1  
  66  8:42  Drone  
  66  8:44  Drone  
  66  8:48  Drone  
  69  8:53  Overlord  
  69  8:55  Drone  
  70  8:56  Spine Crawler  
  70  8:58  Spine Crawler, Drone  
  70  9:00  Drone  
  71  9:02  Drone  
  71  9:34  Overseer x2  
  71  9:36  Spire, Drone  
  71  9:39  Hydralisk Den, Drone  
  71  9:41  Infestation Pit, Drone  
  71  9:50  Roach  
  71  9:56  Overseer  
  71  9:57  Overlord  
  67  10:00  Overseer, Queen x2  
  67  10:05  Spore Crawler, Zergling x2  
  67  10:06  Drone  
  49  10:14  Roach  
  49  10:20  Overlord  
  49  10:22  Overseer  
  49  10:24  Roach  
  49  10:25  Drone  
  49  10:27  Drone  
  45  10:33  Roach  
  45  10:38  Overlord  
  45  10:39  Drone  
  45  10:40  Overseer  
  45  10:42  Roach  
  44  10:44  Drone  
  44  10:49  Drone  
  38  10:51  Roach  
  38  10:55  Drone  
  38  11:01  Roach  
  38  11:03  Queen, Drone  
  27  11:06  Drone  
  27  11:09  Drone  
  27  11:10  Roach  
  27  11:16  Drone  
  27  11:17  Queen  
  27  11:18  Drone  
  28  11:19  Roach  
  28  11:21  Drone  
  28  11:22  Roach  
  28  11:25  Roach  
  32  11:29  Hydralisk  
  29  11:41  Zergling x2  
  22  11:51  Drone  
  23  11:55  Queen  
  19  12:02  Drone  
  17  12:09  Hydralisk, Drone  
  17  12:11  Drone  
  17  12:14  Zergling x2  
  17  12:25  Drone  
Tags
 
Composition
MMM Bio
League
Silver
Matchup
TvZ
Opening
Pool First
Spawn Locations
Cross Positions
Add a new tag
Caveats
  • Supply blocks, unpowered buildings, or Contaminate may cause inaccurate times.
  • Supply counts are checked every 10 seconds.